 Dungeon Crawl Stone Soup version 0.14-a0-2618-g5301534 (webtiles) character file.

638 CrazyArbalest the Bolt Thrower (level 6, -10/43 HPs)
             Began as a Demonspawn Hunter on Feb 14, 2014.
             Was an Initiate of Dithmenos.
             Shot with an arrow by a centaur (11 damage)
             ... on Level 5 of the Dungeon.
             The game lasted 00:22:18 (4768 turns).

CrazyArbalest the Bolt Thrower (Demonspawn Hunter)  Turns: 4768, Time: 00:22:18

HP -10/43        AC  3     Str 15      XL: 6   Next: 88%
MP   0/6         EV 12     Int 12      God: Dithmenos [......]
Gold 154         SH  0     Dex 13      Spells:  0 memorised,  5 levels left

rFire  . . .     SeeInvis .     b - +1 crossbow
rCold  . . .     Clarity  .     d - +0 leather armour
rNeg   . . .     Conserve .     (no shield)
rPois  .         rCorr    .     (no helmet)
rElec  .         rRot     .     (no cloak)
SustAb . .       Spirit   +     (no gloves)
rMut   .         Warding  .     (no boots)
Saprov . . .     Stasis   .     H - amulet of guardian spirit
MR     .....                    (no ring)
                                (no ring)

@: not resistant to hostile enchantments, quite stealthy
A: talons 1, nightstalker 2
a: Renounce Religion


You were on level 5 of the Dungeon.
You worshipped Dithmenos.
Dithmenos was noncommittal.
You were not hungry.

You visited 2 branches of the dungeon, and saw 6 of its levels.

You collected 197 gold pieces.
You spent 43 gold pieces at shops.

Inventory:

Hand weapons
 a - a +0,+6 short sword
 b - a +1,+1 crossbow (weapon)
 j - a +0,+0 whip
 k - a +0,+0 mace
 l - a +0,+1 orcish mace
 p - a +0,+0 elven whip
 x - a +0,+0 orcish whip
Missiles
 c - 16 bolts (quivered)
Armour
 d - a +0 leather armour (worn)
 u - a +0 orcish buckler
 v - a +0 orcish leather armour
Magical devices
 S - a wand of flame (17) {unknown}
Comestibles
 f - 5 bread rations
 q - a royal jelly
 A - 2 pears
 C - a meat ration
 I - 4 chunks of orc flesh
 J - a rotting chunk of rat flesh
 N - a chunk of iguana flesh
 O - a chunk of bat flesh
 P - an apple
 Q - a chunk of goblin flesh
 R - a chunk of adder flesh
Scrolls
 h - a scroll of noise {unknown}
 m - 3 scrolls of blinking {unknown}
 n - a scroll of remove curse {unknown}
 w - 5 scrolls of identify {unknown}
 y - 3 scrolls of enchant armour {unknown}
 z - a scroll of enchant weapon I {unknown}
 B - a scroll of random uselessness {unknown}
 D - a scroll of teleportation {unknown}
 E - a scroll of immolation {unknown}
 K - a scroll of curse weapon {unknown}
 M - a scroll of curse jewellery {unknown}
Jewellery
 H - an amulet of guardian spirit (around neck)
 L - an uncursed ring of fire
Potions
 e - a potion of resistance {unknown}
 g - 6 potions of curing {unknown}
 i - a potion of agility
 o - a potion of paralysis {unknown}
 r - a potion of magic {unknown}
 s - a potion of degeneration {unknown}
 t - 2 potions of brilliance {unknown}
 F - a potion of restore abilities {unknown}
 G - 2 potions of heal wounds {unknown}
 T - a potion of speed {unknown}


   Skills:
 + Level 1.5 Fighting
 + Level 1.2 Short Blades
 - Level 2.2 Maces & Flails
 + Level 5.1 Crossbows
 + Level 2.5 Armour
 + Level 3.3 Dodging
 + Level 1.6 Stealth


You had 5 spell levels left.
You didn't know any spells.

Dungeon Overview and Level Annotations

Branches:
Dungeon (5/16)             Temple (1/1) D:5

Altars:
Ashenzari
Cheibriados
Dithmenos
Elyvilon
Kikubaaqudgha
Nemelex Xobeh
Okawaru
Sif Muna
Trog
Vehumet
Xom
Zin

Shops:
D:4 *[:!!


Innate Abilities, Weirdness & Mutations

You have sharp toenails.
You are significantly more attuned to the shadows.


Message History

The centaur shoots an arrow.
The arrow hits you!
Firing (i - inventory):
c - 18 bolts (quivered)
Press: ? - help, Shift-Dir - straight line, f - centaur
Aim: a centaur, wielding a bow You shoot a bolt.
The bolt hits the centaur.
The centaur is moderately wounded.
The centaur shoots an arrow.
The arrow hits you!
* * * LOW HITPOINT WARNING * * *
The centaur shoots an arrow.
The arrow hits you!
* * * LOW HITPOINT WARNING * * *
A kobold comes into view.
Firing (i - inventory):
c - 17 bolts (quivered)
Press: ? - help, Shift-Dir - straight line, f/p - centaur
Aim: a centaur, wielding a bow (moderately wounded)
You shoot a bolt. The bolt hits the centaur.
The centaur is severely wounded.
The centaur shoots an arrow.
The arrow hits you!
* * * LOW HITPOINT WARNING * * *
The centaur shoots an arrow.
The arrow hits you!
You die...

..########.......#
. #.......#
#.......#
#.......#
#.......#
#.......#
###.......#
..c........#
(..K..(@...#
....######.# # #.#
#.# #.# #.# #.#
###


You could see a centaur and a kobold.

Vanquished Creatures
  An ogre (D:5)
  2 crimson imps
  A centaur skeleton (D:4)
  A hound (D:4)
  A worker ant (D:4)
  2 iguanas (D:5)
  6 adders
  4 gnolls (D:2)
  An inept feature mimic (D:3)
  2 worms (D:3)
  A giant mite (D:5)
  A giant eyeball (D:4)
  3 giant geckos
  2 orcs (D:5)
  12 goblins
  10 hobgoblins
  6 jackals
  5 kobolds
  2 quokkas
  13 bats
  4 giant cockroaches
  6 giant newts
  8 rats
94 creatures vanquished.

Notes
Turn   | Place    | Note
--------------------------------------------------------------
     0 | D:1      | CrazyArbalest, the Demonspawn Hunter, began the quest for the Orb.
     0 | D:1      | Reached XP level 1. HP: 15/15 MP: 1/1
   322 | D:1      | Reached skill level 4 in Crossbows
   358 | D:1      | Gained mutation: You have sharp toenails. [demonic ancestry]
   358 | D:1      | Reached XP level 2. HP: 15/21 MP: 2/2
   397 | D:1      | Found a sparkling altar of Nemelex Xobeh.
   989 | D:1      | Reached XP level 3. HP: 19/26 MP: 3/3
  1190 | D:2      | HP: 1/26 [poisoned by an adder]
  1579 | D:2      | Reached skill level 1 in Stealth
  1665 | D:2      | Reached skill level 1 in Maces & Flails
  1665 | D:2      | Reached skill level 1 in Armour
  1709 | D:2      | Gained mutation: You are slightly more attuned to the shadows. [demonic ancestry]
  1709 | D:2      | Reached XP level 4. HP: 12/32 MP: 4/4
  2923 | D:3      | Gained mutation: You are significantly more attuned to the shadows. [demonic ancestry]
  2923 | D:3      | Reached XP level 5. HP: 37/37 MP: 5/5
  3254 | D:4      | Found Fryow's Distillery.
  3579 | D:4      | Found Stireusa's Distillery.
  3592 | D:4      | Reached XP level 6. HP: 20/43 MP: 6/6
  3751 | D:4      | Found Qocui's Book Emporium.
  3809 | D:4      | Found Praun's Armour Emporium.
  3826 | D:4      | Found Shyxt's Assorted Antiques.
  3859 | D:4      | Bought a scroll labeled DUYPI MAY for 23 gold pieces
  3859 | D:4      | Bought a pink potion for 20 gold pieces
  4175 | D:5      | Entered Level 5 of the Dungeon
  4190 | D:5      | Reached skill level 5 in Crossbows
  4257 | D:5      | Found a staircase to the Ecumenical Temple.
  4270 | Temple   | Entered the Ecumenical Temple
  4411 | Temple   | Became a worshipper of Dithmenos
  4519 | D:5      | Reached skill level 1 in Short Blades
  4596 | D:5      | Found a shattered altar of Ashenzari.
  4766 | D:5      | HP: 1/43 [centaur/arrow (6)]
  4768 | D:5      | Shot with an arrow by a centaur

Action                   |  1- 3 |  4- 6 || total
-------------------------+-------+-------++-------
Melee: Short sword       |    93 |   130 ||   223
       Whip              |    12 |    19 ||    31
 Fire: Crossbow          |     8 |    20 ||    28
  Use: Potion            |       |     1 ||     1
 Stab: Distracted        |     1 |       ||     1
       Sleeping          |       |     8 ||     8
